 Dungeon Crawl Stone Soup version 0.23.0-3-gf3c87f2df8 (webtiles) character file.

Game seed: 8398699149438956228

85417 1994 the Grappler (level 15, -3/156 HPs)
             Began as an Ogre Transmuter on Feb 21, 2019.
             Was the Champion of Makhleb.
             Slain by a deep elf knight
             ... wielding the +9 falchion of Susocs {venom, rPois Str+4}
              (22 damage)
             ... on level 1 of the Elven Halls on Feb 22, 2019.
             The game lasted 02:03:13 (20782 turns).

1994 the Grappler (Ogre Transmuter)                Turns: 20782, Time: 02:03:15

Health: -3/156     AC: 13    Str: 18    XL:     15   Next: 83%
Magic:  30/30      EV: 14    Int: 21    God:    Makhleb [******]
Gold:   3117       SH:  4    Dex: 19    Spells: 20/37 levels left

rFire    . . .     SeeInvis +     - Unarmed
rCold    + + +     Gourm    .   (shield currently unavailable)
rNeg     . . .     Faith    .   n - +0 ice dragon scales
rPois    .         Spirit   .   (helmet restricted)
rElec    .         Reflect  .   h - +2 cloak {+Inv}
rCorr    .         Harm     .   (gloves unavailable)
MR       +....                  (boots unavailable)
Stlth    ..........             w - amulet of regeneration
HPRegen  0.76/turn              v - ring of see invisible
MPRegen  0.22/turn              t - ring of the Komtur {Wiz rF+ rC+ Int+6 Dex+4}

@: blade hands
A: large, unfitting armour, beak, large bone plates 1, agile 1, blurry vision 1,
tough skin 1
a: End Transformation, Minor Destruction, Lesser Servant of Makhleb, Major
Destruction, Greater Servant of Makhleb, Renounce Religion, Evoke Invisibility


You were on level 1 of the Elven Halls.
You worshipped Makhleb.
Makhleb was exalted by your worship.
You were not hungry.
You had blades for hands.
You visited 5 branches of the dungeon, and saw 20 of its levels.
You also visited: Ice Cave.

You collected 3117 gold pieces.

Inventory:

Missiles
 a - 295 arrows
Armour
 h - a +2 cloak of invisibility (worn)
 m - a +2 robe of resistance
 n - +0 ice dragon scales (worn)
 D - a +0 robe of positive energy
 Q - a +2 robe of magic resistance
 R - a +0 troll leather armour
Magical Staves
 H - an uncursed staff of wizardry
Jewellery
 t - the ring of the Komtur (right scythe-like blade) {Wiz rF+ rC+ Int+6 Dex+4}
   (You found it on level 5 of the Dungeon)

   [ring of wizardry]

   It improves your spell success rate.
   It affects your intelligence (+6).
   It affects your dexterity (+4).
   It protects you from fire.
   It protects you from cold.
 v - a ring of see invisible (left scythe-like blade)
 w - an amulet of regeneration (around neck)
 G - a +6 ring of strength
 L - an uncursed amulet of rage
 P - an uncursed ring of protection from magic
Wands
 f - a wand of acid (5)
 A - a wand of clouds (8)
 F - a wand of polymorph (23)
 I - a wand of flame (12)
 S - a wand of iceblast (10)
 T - a wand of scattershot (8)
Scrolls
 g - 2 scrolls of fog
 i - a scroll of fear
 j - a scroll of acquirement {unknown}
 l - 6 scrolls of remove curse
 p - 9 scrolls of teleportation
 s - 2 scrolls of enchant armour
 u - a scroll of enchant weapon {unknown}
 x - 7 scrolls of magic mapping
 y - a scroll of blinking {unknown}
 C - a scroll of amnesia
 J - a scroll of brand weapon {unknown}
 M - a scroll of torment {unknown}
 N - a scroll of silence {unknown}
Potions
 b - a potion of heal wounds
 c - 5 potions of cancellation
 e - 4 potions of curing
 k - 3 potions of mutation
 o - 3 potions of brilliance
 q - 4 potions of flight
 r - a potion of invisibility
 z - 2 potions of haste
 B - a potion of might
 E - 3 potions of lignification
 K - a potion of magic {unknown}
 O - a potion of agility {unknown}
Comestibles
 d - 37 rations
 U - 7 chunks of flesh


   Skills:
 + Level 12.0 Fighting
 * Level 11.9 Dodging
 - Level 1.0 Stealth
 * Level 12.1 Unarmed Combat
 * Level 11.7 Spellcasting
 * Level 11.9 Transmutations
 - Level 3.0 Earth Magic
 + Level 9.7 Invocations


You had 20 spell levels left.
You knew the following spells:

 Your Spells              Type           Power        Failure   Level  Hunger
a - Beastly Appendage     Tmut           ######       3%          1    None
b - Sticks to Snakes      Tmut           ######..     4%          2    None
c - Spider Form           Tmut/Pois      #####.....   16%         3    None
d - Ice Form              Ice/Tmut       #####...     32%         4    #......
e - Blade Hands           Tmut           ######....   13%         5    ####...
f - Passwall              Tmut/Erth      #####...     8%          2    None

Your spell library contained the following spells:

 Spells                   Type           Power        Failure   Level  Hunger
 Sandblast                Erth           ###...       16%         1    None
 Petrify                  Tmut/Erth      #####...     21%         4    #......
 Animate Skeleton         Necr           N/A          34%         1    None
 Confusing Touch          Hex            ##....       34%         1    None
 Flame Tongue             Conj/Fire      ##...        34%         1    None
 Pain                     Necr           ##..         34%         1    None
 Throw Flame              Conj/Fire      ##....       43%         2    None
 Stone Arrow              Conj/Erth      ###...       45%         3    None
 Yara's Violent Unravell  Hex/Tmut       #####.....   54%         5    ####...
 Confuse                  Hex            ##......     58%         3    None
 Conjure Flame            Conj/Fire      ##......     58%         3    None
 Gell's Gravitas          Tloc           ##........   58%         3    None
 Inner Flame              Hex/Fire       ##......     58%         3    None
 Regeneration             Chrm/Necr      ##........   58%         3    None
 Vampiric Draining        Necr           ##........   58%         3    None
 Lee's Rapid Deconstruct  Erth           ###.......   85%         5    ####...
 Animate Dead             Necr           N/A          89%         4    #......
 Sticky Flame             Conj/Fire      ##......     89%         4    #......
 Fireball                 Conj/Fire      ##........   99%         5    ####...
 Metabolic Englaciation   Hex/Ice        ##........   99%         5    ####...
 Bolt of Cold             Conj/Ice       ##........   100%        6    ######.
 Freezing Cloud           Conj/Ice/Air   ##........   100%        6    ######.
 Ozocubu's Refrigeration  Ice            ##........   100%        6    ######.
 Simulacrum               Ice/Necr       ##........   100%        6    ######.


Dungeon Overview and Level Annotations

Branches:
Dungeon (10/15)            Temple (1/1) D:4            Lair (6/6) D:10
 Shoals (0/4) Lair:2       Spider (0/4) Lair:2        Slime (0/5) Lair:5
    Orc (2/2) D:10            Elf (1/3) Orc:2

Altars:
Ashenzari
Cheibriados
Dithmenos
Elyvilon
Fedhas
Gozag
Hepliaklqana
Kikubaaqudgha
Makhleb
Nemelex Xobeh
Okawaru
Qazlal
Ru
Sif Muna
Trog
Uskayaw
Vehumet
Wu Jian
Xom
Yredelemnul
Zin
The Shining One
Jiyva

Shops:
D:3 *   D:5 *   D:10 [   Orc:2 *[=(

Annotations:
D:4 1 runed translucent door


Innate Abilities, Weirdness & Mutations

You are too large for most types of armour.
You have tough skin. (AC +1)
You have a beak for a mouth.
You are partially covered in large bone plates. (SH +4)
You are agile. (Dex +2)
Scrolls take you a little longer to read.


Message History

The shard of ice hits you!! You partially resist.
* * * LOW HITPOINT WARNING * * *
You feel sick. Something hits you!
* * * LOW HITPOINT WARNING * * *
You are more poisoned.
Things that are here:
a +0 long sword; a +0 leather armour; a scroll labeled UHOLOE ETAMAB You feel better.
Something hits you!
* * * LOW HITPOINT WARNING * * *
Put on which piece of jewellery? (? for menu, Esc to quit)
You're wearing all the rings you can.
Remove which one? (? for menu, Esc to cancel) < or
G - a +6 ring of strength > or
t - the ring of the Komtur {Wiz rF+ rC+ Int+6 Dex+4} You remove your +6 ring of strength.
You feel weaker.
Reactivating autopickup.
v - a ring of see invisible (left scythe-like blade)
The deep elf knight hits you with the +9 falchion of Susocs {venom, rPois Str+4}!!
You die...

##.#.#.#####.#...## #..........
##..#.#.## #......####..........
##)##.....###.......##...........
...##....#.#.........#...........
#####...###..........'...........
(.###....#.#.........#.##.......#
...##........)......##.###....###
...########)##....###### ######
....### ##...##.@(#88#88#
.(....###.....##e))......
......##.......#.)'......
.....))..........##..#..#
....##.)..........'?...$.
)..####...........'....$% ...#
##..........#..#..# ####
##.....#...'.[.... #
......###..'......


You could see a deep elf knight (invisible).

Vanquished Creatures
  An orc warlord (Orc:2)
  A frost giant (IceCv)
  The ghost of Vufrucs the Grappler, a journeyman DrTm of Wu Jian (Lair:4)
  2 deep elf demonologists (Elf:1)
  A deep elf death mage (Elf:1)
  A deep elf high priest (Elf:1)
  Fannar (Orc:1)
  An ice dragon (Lair:2)
  5 hydras
  A merfolk avatar (Lair:6)
  3 two-headed ogres
  3 orc high priests (Orc:2)
  3 death yaks (IceCv)
  3 dancing weapons (Elf:1)
  3 deep elf knights (Elf:1)
  Nergalle (Orc:1)
  3 sea snakes (Lair:6)
  2 deep elf archers (Elf:1)
  4 orc knights (Orc:2)
  A harpy (Lair:6)
  6 orc sorcerers
  10 deep elf magi (Elf:1)
  2 oklob plants
  2 manticores
  3 elephants
  Joseph (Lair:1)
  A merfolk siren (Lair:2)
  6 black mambas
  Maurice (Orc:1)
  2 ice statues
  11 spiny frogs
  10 rime drakes
  8 komodo dragons
  15 polar bears
  2 trolls
  A slime creature (Lair:5)
  Grinder (D:6)
  3 hornets
  25 blink frogs
  13 dream sheep (Lair:4)
  11 hippogriffs
  A spriggan (D:7)
  11 wyverns
  47 yaks
  12 basilisks
  A water elemental (Elf:1)
  2 wargs
  8 water moccasins
  10 porcupines
  5 ice beasts (Lair:3)
  40 orc warriors
  3 sky beasts
  A phantom (D:10)
  A necrophage (D:7)
  A hornet zombie (D:6)
  A black bear (D:9)
  31 wolves
  6 ogres
  5 centaurs
  9 crocodiles
  A gnoll sergeant (D:8)
  A wyvern zombie (D:10)
  6 bullfrogs
  6 scorpions
  4 howler monkeys (D:9)
  2 crimson imps
  A gnoll shaman (D:5)
  3 hounds
  3 jellies
  25 orc priests
  Crazy Yiuf (D:2)
  A centaur skeleton (D:5)
  3 iguanas
  Natasha (D:2)
  9 worker ants
  37 orc wizards
  Robin (D:4)
  A howler monkey skeleton (D:9)
  10 gnolls
  10 adders
  A shadow imp (D:8)
  2 white imps (Lair:3)
  2 adder skeletons
  3 worms
  4 leopard geckos
  96 orcs
  A ball python (D:3)
  7 bats
  5 giant cockroaches
  15 goblins
  7 hobgoblins
  10 jackals
  2 quokkas
  7 frilled lizards
  2 kobolds (D:2)
  A leopard gecko zombie (D:8)
  5 rats
  3 fungi
  9 plants
678 creatures vanquished.

Vanquished Creatures (collateral kills)
  A rime drake (Lair:5)
  4 blink frogs (Lair:5)
  Sigmund (D:2)
  2 water moccasins (Lair:5)
  A porcupine (Lair:5)
  A wolf (Lair:4)
  An orc (D:6)
  A bat (D:2)
12 creatures vanquished.

Vanquished Creatures (others)
  3 yaks (IceCv)
  13 fungi
  27 plants
43 creatures vanquished.

Grand Total: 733 creatures vanquished

Notes
Turn   | Place    | Note
-------+----------+-------------------------------------------
     0 | D:1      | 1994 the Ogre Transmuter began the quest for the Orb.
     0 | D:1      | Reached XP level 1. HP: 19/19 MP: 3/3
   137 | D:1      | Reached XP level 2. HP: 28/28 MP: 5/5
   600 | D:2      | Noticed Sigmund
   667 | D:2      | Learned a level 2 spell: Sticks to Snakes
  1023 | D:2      | Killed Sigmund
  1023 | D:2      | Reached XP level 3. HP: 22/36 MP: 1/7
  1023 | D:2      | Reached XP level 4. HP: 26/44 MP: 1/8
  1085 | D:2      | Learned a level 3 spell: Spider Form
  1296 | D:2      | Reached XP level 5. HP: 52/52 MP: 0/9
  1672 | D:2      | Noticed Natasha
  1682 | D:2      | Killed Natasha
  1809 | D:2      | Learned a level 4 spell: Ice Form
  1929 | D:2      | Found a runed translucent door.
  1930 | D:2      | Noticed Crazy Yiuf
  1936 | D:2      | Paralysed by Crazy Yiuf for 4 turns
  1939 | D:2      | HP: 1/53 [Crazy Yiuf/+4 quarterstaff of chaos (4)]
  1945 | D:2      | Killed Crazy Yiuf
  2453 | D:3      | Found a stormy altar of Qazlal.
  2469 | D:3      | Reached XP level 6. HP: 56/61 MP: 8/11
  2737 | D:3      | Found Zin's Purification Station.
  2744 | D:3      | Found a glowing silver altar of Zin.
  3697 | D:4      | Found a hazy altar of Hepliaklqana.
  3700 | D:4      | Noticed Robin
  3706 | D:4      | Reached XP level 7. HP: 67/67 MP: 10/12
  3720 | D:4      | Killed Robin
  3818 | D:4      | Found a runed translucent door.
  3818 | D:4      | Noticed an angel
  3819 | D:4      | Found a glowing silver altar of Zin.
  3825 | D:4      | Found a staircase to the Ecumenical Temple.
  3830 | D:4      | Reached skill level 1 in Stealth
  3847 | Temple   | Entered the Ecumenical Temple
  3896 | Temple   | Became a worshipper of Makhleb the Destroyer
  4056 | D:5      | Entered Level 5 of the Dungeon
  4668 | D:5      | Found Rewk's Assorted Antiques.
  4743 | D:5      | Got a scintillating bronze ring
  4767 | D:5      | Identified the ring of the Komtur {Wiz rF+ rC+ Int+6 Dex+4}
                  | (You found it on level 5 of the Dungeon)
  4882 | D:5      | Reached skill level 1 in Invocations
  4895 | D:5      | Reached XP level 8. HP: 26/78 MP: 14/14
  5031 | D:6      | Noticed Grinder
  5042 | D:6      | Killed Grinder
  5047 | D:6      | Noticed a hippogriff
  5098 | D:5      | Learned a level 5 spell: Blade Hands
  5165 | D:6      | Reached skill level 5 in Unarmed Combat
  5257 | D:6      | Killed a hippogriff
  5269 | D:6      | Reached * piety under Makhleb
  5329 | D:6      | Reached skill level 5 in Fighting
  5405 | D:6      | Reached skill level 5 in Transmutations
  5469 | D:6      | Reached skill level 5 in Dodging
  5469 | D:6      | Reached XP level 9. HP: 88/88 MP: 14/16
  5847 | D:7      | Reached skill level 5 in Spellcasting
  6649 | D:8      | Found an iron altar of Okawaru.
  6825 | D:8      | Found a snail-covered altar of Cheibriados.
  6926 | D:8      | Learned a level 2 spell: Passwall
  7012 | D:8      | Reached ** piety under Makhleb
  7130 | D:8      | Noticed a two-headed ogre
  7139 | D:8      | Killed a two-headed ogre
  7139 | D:8      | Reached skill level 1 in Earth Magic
  7139 | D:8      | Reached XP level 10. HP: 87/100 MP: 13/19
  7523 | D:9      | Noticed a two-headed ogre
  7553 | D:9      | Killed a two-headed ogre
  7640 | D:9      | Found a deep blue altar of Sif Muna.
  7996 | D:9      | Found a sparkling altar of Nemelex Xobeh.
  7997 | D:9      | Found a basalt altar of Yredelemnul.
  7998 | D:9      | Found an ancient bone altar of Kikubaaqudgha.
  8119 | D:9      | Identified Sif Muna's Almanac of Curses
  8417 | D:10     | Entered Level 10 of the Dungeon
  8481 | D:10     | Found a staircase to the Lair.
  8481 | D:10     | Noticed an elephant
  8493 | D:10     | Killed an elephant
  8495 | D:10     | Reached *** piety under Makhleb
  8598 | D:10     | Reached XP level 11. HP: 67/109 MP: 19/22
  8823 | D:10     | Found Bomn's Armour Boutique.
  8940 | D:10     | Found a staircase to the Orcish Mines.
  9175 | Lair:1   | Entered Level 1 of the Lair of Beasts
  9193 | Lair:1   | Found a frozen archway.
  9202 | Lair:1   | Reached skill level 5 in Invocations
  9326 | IceCv    | Entered an ice cave
  9597 | IceCv    | Reached **** piety under Makhleb
  9973 | IceCv    | Noticed a death yak
  9982 | IceCv    | Killed a death yak
  9982 | IceCv    | Reached XP level 12. HP: 120/120 MP: 22/24
 10144 | IceCv    | Noticed a death yak
 10144 | IceCv    | Noticed a frost giant
 10144 | IceCv    | Noticed a death yak
 10158 | IceCv    | Killed a frost giant
 10277 | IceCv    | Killed a death yak
 10285 | IceCv    | Killed a death yak
 10556 | Lair:1   | Noticed Joseph
 10711 | Lair:1   | Killed Joseph
 12037 | Lair:2   | Found a hole to the Spider Nest.
 12094 | Lair:2   | Reached XP level 13. HP: 47/131 MP: 22/26
 12227 | Lair:2   | Found a staircase to the Shoals.
 12318 | Lair:2   | Reached ***** piety under Makhleb
 12566 | Lair:2   | Gained mutation: You evolve. [potion of mutation]
 12566 | Lair:2   | Gained mutation: Scrolls take you a little longer to read.
                  | [potion of mutation]
 12566 | Lair:2   | Gained mutation: You are agile. (Dex +2) [potion of
                  | mutation]
 12729 | Lair:3   | Noticed an ice dragon
 12775 | Lair:2   | Killed an ice dragon
 13710 | Lair:4   | Reached skill level 10 in Spellcasting
 13737 | Lair:4   | Reached skill level 10 in Unarmed Combat
 13795 | Lair:4   | Reached skill level 10 in Fighting
 13947 | Lair:4   | Reached skill level 10 in Transmutations
 14313 | Lair:4   | Reached skill level 10 in Dodging
 14335 | Lair:4   | Found a runed translucent gate.
 14335 | Lair:4   | Found a runed translucent gate.
 14336 | Lair:4   | Found a runed translucent gate.
 14337 | Lair:4   | Noticed Vufrucs's ghost (journeyman DrTm)
 14982 | Lair:5   | Reached XP level 14. HP: 117/144 MP: 24/28
 15049 | Lair:5   | You fall through a shaft!
 15049 | Lair:6   | Entered Level 6 of the Lair of Beasts
 15135 | Lair:5   | Gained mutation: You are partially covered in large bone
                  | plates. (SH +4) [evolution]
 15240 | Lair:5   | Found a runed translucent door.
 15241 | Lair:5   | Found a viscous altar of Jiyva.
 15242 | Lair:5   | Found a staircase to the Slime Pits.
 16978 | Lair:6   | Got a crystal broad axe
 16996 | Lair:6   | Identified the +11 broad axe of Integrity {venom, rPois}
                  | (You found it on level 6 of the Lair of Beasts)
 17424 | Lair:4   | Killed Vufrucs's ghost
 17607 | Orc:1    | Entered Level 1 of the Orcish Mines
 17923 | Orc:1    | Reached ****** piety under Makhleb
 18002 | Orc:1    | Noticed Nergalle
 18018 | Orc:1    | Killed Nergalle
 18018 | Orc:1    | Reached XP level 15. HP: 154/154 MP: 26/30
 18021 | Orc:1    | Noticed Fannar
 18030 | Orc:1    | Killed Fannar
 18140 | Orc:2    | Entered Level 2 of the Orcish Mines
 18202 | Orc:2    | Found a staircase to the Elven Halls.
 18395 | Orc:1    | Noticed Maurice
 18399 | Orc:1    | Killed Maurice
 19059 | Orc:2    | Noticed an orc warlord
 19071 | Orc:2    | Killed an orc warlord
 19519 | Orc:2    | Gained mutation: You have a beak for a mouth. [evolution]
 19519 | Orc:2    | Lost mutation: You evolve. [end of evolution]
 19804 | Orc:2    | Found Ytiom's Antique Armour Shoppe.
 19805 | Orc:2    | Found Uruluwn's Antique Weapon Emporium.
 19807 | Orc:2    | Found Qiysyu's General Store.
 19807 | Orc:2    | Found Tux Dupt's Jewellery Shoppe.
 20046 | Elf:1    | Entered Level 1 of the Elven Halls
 20080 | Elf:1    | Found a radiant altar of Vehumet.
 20757 | Elf:1    | Identified the +9 falchion of Susocs {venom, rPois Str+4}
 20760 | Elf:1    | Noticed a Hell Sentinel
 20782 | Elf:1    | Slain by a deep elf knight

Skill      XL: |  1  2  3  4  5  6  7  8  9 10 11 12 13 14 15 |
---------------+----------------------------------------------+-----
Dodging        | 2 3 5 6 8 9 10 11 | 11.9
Transmutations | 2 3 4 5 6 7 8 9 10 11 | 11.9
Fighting       | 2 3 4 5 6 7 8 9 10 11 12 | 12.0
Unarmed Combat | 3 4 5 6 7 8 9 10 11 12 | 12.1
Spellcasting   | 3 4 6 7 8 9 10 11 | 11.7
Stealth        | 1 |  1.0
Invocations    | 1 2 3 4 5 6 8 9 |  9.7
Earth Magic    | 1 2 3 |  3.0

Action                   |  1- 3 |  4- 6 |  7- 9 | 10-12 | 13-15 || total
-------------------------+-------+-------+-------+-------+-------++-------
Melee: Unarmed           |    55 |   207 |   369 |   527 |  1178 ||  2336
       Headbutt          |     2 |    10 |    14 |    12 |    29 ||    67
       Kick              |       |    14 |     8 |     4 |    70 ||    96
       Punch             |       |     2 |     5 |     7 |    52 ||    66
       Peck              |       |       |       |       |    27 ||    27
 Cast: Beastly Appendage |     4 |    16 |    18 |     9 |    34 ||    81
       Sticks to Snakes  |     2 |       |     1 |       |     2 ||     5
       Spider Form       |       |     8 |    20 |    13 |     5 ||    46
       Ice Form          |       |       |     1 |    21 |    30 ||    52
       Blade Hands       |       |       |     1 |     9 |    42 ||    52
Invok: Minor Destruction |       |       |     1 |    21 |   110 ||   132
       Greater Servant o |       |       |       |       |     1 ||     1
       Major Destruction |       |       |       |       |     2 ||     2
 Abil: End Transformatio |       |       |       |     3 |     4 ||     7
Evoke: Wand              |       |       |       |       |     1 ||     1
  Use: Scroll            |       |       |     8 |     4 |     9 ||    21
       Potion            |       |       |       |       |     5 ||     5
 Stab: Sleeping          |       |     1 |     2 |     2 |       ||     5
       Distracted        |       |       |       |     1 |     1 ||     2
  Eat: Chunk             |       |    10 |    13 |    19 |    39 ||    81
Armor: Robe              |    18 |    48 |    38 |    43 |     1 ||   148
       Skin              |       |       |     2 |    34 |    48 ||    84
       Ice dragon scales |       |       |       |       |   217 ||   217
Dodge: Dodged            |    50 |   113 |   261 |   378 |   675 ||  1477
Block: Other             |       |       |       |       |    65 ||    65
